 Dungeon Crawl Stone Soup version 0.18-a0-1312-gf98331d (webtiles) character file.

7685 HEYYEYAAE the Geomancer (level 11, -2/86 HPs)
             Began as a Human Earth Elementalist on Feb 15, 2016.
             Was a Believer of Fedhas.
             Slain by a killer bee (8 damage)
             ... on level 10 of the Dungeon.
             The game lasted 00:27:32 (14230 turns).

HEYYEYAAE the Geomancer (Human Earth Elementalist) Turns: 14230, Time: 00:27:32

Health: -2/86      AC: 13    Str:  8    XL:     11   Next: 41%
Magic:  8/19       EV: 15    Int: 18    God:    Fedhas [**....]
Gold:   232        SH:  6    Dex: 17    Spells: 3 memorised, 13 levels left

rFire  . . .     SeeInvis .     j - +2 trident (venom)
rCold  . . .     Gourm    .     M - +1 troll leather armour
rNeg   . . .     Faith    .     k - +0 buckler
rPois  .         Spirit   .     p - +1 hat
rElec  .         Dismiss  .     a - +0 cloak
rCorr  +         Reflect  .     m - +0 pair of gloves
SustAt .         Harm     .     (no boots)
MR     .....                    H - amulet of magic regeneration
Stlth  ++........               W - ring of resist corrosion
                                h - +2 ring of protection

@: lethally poisoned (-2 -> -7), not resistant to hostile enchantments,
unstealthy
A: thin metallic scales 1, agile 1
a: Evolution, Sunlight, Renounce Religion


You were on level 10 of the Dungeon.
You worshipped Fedhas.
Fedhas was pleased with you.
You were not hungry.

You visited 2 branches of the dungeon, and saw 11 of its levels.
You also visited: Ossuary.

You collected 607 gold pieces.
You spent 375 gold pieces at shops.

Inventory:

Hand Weapons
 b - a +2 dagger of flaming
 i - a +0 war axe of electrocution
 j - a +2 trident of venom (weapon)
Missiles
 F - 58 stones (quivered)
Armour
 a - a +0 cloak (worn)
 k - a +0 buckler (worn)
 m - a +0 pair of gloves (worn)
 p - a +1 hat (worn)
 M - a +1 troll leather armour (worn)
Magical Staves
 q - an uncursed staff of summoning {unknown}
 K - an uncursed staff of fire {unknown}
Jewellery
 h - a +2 ring of protection (left hand)
 y - a +3 amulet of reflection
 G - a +3 ring of strength
 H - an amulet of magic regeneration (around neck)
 O - an uncursed amulet of faith
 W - a ring of resist corrosion (right hand)
Wands
 t - a wand of slowing (8/48)
 J - a wand of confusion (43/48)
 T - a wand of paralysis (13/24)
Scrolls
 e - 2 scrolls of blinking
 r - 2 scrolls of teleportation
 s - 2 scrolls of noise
 u - 2 scrolls of magic mapping
 v - 2 scrolls of immolation
 w - 4 scrolls of remove curse
 x - 3 scrolls of enchant armour
 C - a scroll of fog
 D - 3 scrolls of recharging
 L - a scroll of summoning
 N - a scroll of enchant weapon {unknown}
 Y - a scroll of silence {unknown}
Potions
 f - 4 potions of curing
 g - 2 potions of magic
 n - 6 potions of haste
 z - a potion of invisibility {unknown}
 A - 3 potions of lignification
 B - a potion of resistance
 E - 2 potions of heal wounds
 I - a potion of agility {unknown}
 P - 2 potions of might
 Q - 2 potions of brilliance {unknown}
Books
 c - a book of Geomancy

   Spells                             Type                      Level
   a - Sandblast                      Earth                        1
   b - Passwall                       Transmutation/Earth          2
   c - Stone Arrow                    Conjuration/Earth            3
   d - Petrify                        Transmutation/Earth          4
   e - Lee's Rapid Deconstruction     Earth                        5
 R - a book of Cantrips

   Spells                             Type                      Level
   a - Corona                         Hexes                        1
   b - Animate Skeleton               Necromancy                   1
   c - Summon Small Mammal            Summoning                    1
   d - Apportation                    Translocation                1
 U - a Necronomicon

   Spells                             Type                      Level
   a - Haunt                          Necromancy/Summoning         7
   b - Borgnjor's Revivification      Necromancy                   8
   c - Death's Door                   Charms/Necromancy            8
   d - Necromutation                  Transmutation/Necromancy     8
 V - a book of Alchemy

   Spells                             Type                      Level
   a - Sublimation of Blood           Necromancy                   2
   b - Ignite Poison                  Fire/Transmutation/Poison    3
   c - Petrify                        Transmutation/Earth          4
   d - Alistair's Intoxication        Transmutation/Poison         5
   e - Irradiate                      Conjuration/Transmutation    5
Comestibles
 d - 7 bread rations
 l - 3 meat rations
 o - 9 fruits
 S - 4 chunks of flesh


   Skills:
 * Level 8.0 Fighting
 + Level 6.0 Armour
 + Level 5.9 Dodging
 - Level 2.0 Stealth
 + Level 5.4 Shields
 + Level 5.6 Spellcasting
 - Level 1.0 Transmutations
 * Level 9.0 Earth Magic
 + Level 4.0 Evocations


You had 13 spell levels left.
You knew the following spells:

 Your Spells              Type           Power        Failure   Level  Hunger
a - Sandblast             Erth           #####.       1%          1    None
b - Stone Arrow           Conj/Erth      ###...       12%         3    ##.....
c - Petrify               Trmt/Erth      ###.....     24%         4    ####...


Dungeon Overview and Level Annotations

Branches:
Dungeon (10/15)            Temple (1/1) D:7            Lair (0/8) D:8
    Orc: D:9-12

Altars:
Ashenzari
Cheibriados
Dithmenos
Elyvilon
Fedhas
Gozag
Kikubaaqudgha
Makhleb
Nemelex Xobeh
Okawaru
Pakellas
Ru
Trog
Vehumet
Xom
Yredelemnul
Zin
The Shining One

Shops:
D:4 *   D:7 :


Innate Abilities, Weirdness & Mutations

You are partially covered in thin metallic scales (AC +2).
You are agile. (Dex +2)


Message History

Confirm with . or Enter, or press ? or * to list all spells.
Aiming: Sandblast
Press: ? - help, Shift-Dir - straight line, f - killer bee
Aim: a killer bee The blast of sand misses the killer bee.
You feel sick. You block the killer bee's attack. The killer bee stings you!
* * * LOW HITPOINT WARNING * * *
You are more poisoned.
The killer bee poisons you!
Casting: Sandblast
Confirm with . or Enter, or press ? or * to list all spells.
Aiming: Sandblast
Press: ? - help, Shift-Dir - straight line, f/p - killer bee
Aim: a killer bee The blast of sand hits the killer bee.
The killer bee is moderately wounded.
* * * LOW HITPOINT WARNING * * *
You feel sick. The killer bee stings you!
You die...
Fedhas appreciates your contribution to the ecosystem.

##### ############
.#.P.#####.....y@...#
......)...#.#######.#
.#...#####.## #.#
##### ### #.# #.# #.#
###.# #.....# #...#
.....####.###


You could see a killer bee.

Vanquished Creatures
  2 hill giants (D:10)
  2 komodo dragons (D:8)
  A two-headed ogre (D:10)
  A queen bee (D:10)
  The ghost of HEYYEYAAE the Digger, an amateur HuEE (D:6)
  3 yaks (D:9)
  A hippogriff (D:8)
  A hungry ghost (D:10)
  A mottled dragon (D:8)
  A water moccasin (D:9)
  2 sky beasts
  2 orc warriors
  A necrophage (D:10)
  A wasp (D:5)
  4 ogres
  An ice beast (D:4)
  4 centaurs
  A gnoll sergeant (D:5)
  4 giant frogs
  A water moccasin zombie (Ossuary)
  A wyvern skeleton (D:10)
  3 scorpions
  25 killer bees
  4 crimson imps
  5 hounds
  3 gnoll shamans (D:4)
  2 orc priests (D:4)
  3 giant frog skeletons
  A centaur skeleton (D:9)
  7 worker ants
  6 iguanas
  6 orc wizards
  2 big kobold zombies (Ossuary)
  A hound zombie (D:5)
  A hound skeleton (D:9)
  3 mummies
  37 gnolls
  18 adders
  2 shadow imps
  3 adder skeletons
  5 adder zombies
  4 worms
  6 giant geckos
  23 orcs
  6 ball pythons
  4 giant cockroaches
  4 gnoll zombies (Ossuary)
  6 goblins
  8 hobgoblins
  24 jackals
  9 kobolds
  A quokka (D:10)
  4 bats
  A giant gecko skeleton (D:6)
  4 giant newts
  A goblin zombie (D:7)
  8 hobgoblin zombies (Ossuary)
  7 kobold zombies (Ossuary)
  5 orc zombies
  6 rats
304 creatures vanquished.

Vanquished Creatures (others)
  A hobgoblin zombie (Ossuary)
  A kobold zombie (Ossuary)
  69 toadstools
71 creatures vanquished.

Grand Total: 375 creatures vanquished

Notes
Turn   | Place    | Note
--------------------------------------------------------------
     0 | D:1      | HEYYEYAAE the Human Earth Elementalist began the quest for the Orb.
     0 | D:1      | Reached XP level 1. HP: 13/13 MP: 3/3
   359 | D:1      | Reached XP level 2. HP: 19/19 MP: 5/5
   559 | D:1      | Reached skill level 1 in Armour
   883 | D:1      | Reached XP level 3. HP: 23/25 MP: 6/6
  1140 | D:2      | Found an oddly glowing altar of Pakellas.
  1610 | D:2      | Reached skill level 1 in Fighting
  1693 | D:2      | Reached XP level 4. HP: 27/32 MP: 4/7
  2170 | D:2      | Found a shadowy altar of Dithmenos.
  2716 | D:4      | Reached XP level 5. HP: 27/38 MP: 0/8
  2826 | D:4      | Reached skill level 1 in Shields
  2872 | D:4      | Found a bloodstained altar of Trog.
  3049 | D:3      | Found a glowing golden altar of the Shining One.
  3162 | D:3      | Reached skill level 4 in Earth Magic
  3293 | D:3      | Found a radiant altar of Vehumet.
  3444 | D:3      | Noticed a centaur
  3457 | D:3      | Killed a centaur
  3457 | D:3      | Reached XP level 6. HP: 11/46 MP: 2/10
  4111 | D:4      | Found Feal's Assorted Antiques.
  4465 | D:4      | Reached XP level 7. HP: 36/51 MP: 5/11
  4895 | D:4      | Learned a level 3 spell: Stone Arrow
  5466 | D:4      | Reached skill level 5 in Earth Magic
  6215 | D:5      | Entered Level 5 of the Dungeon
  6280 | D:5      | Reached XP level 8. HP: 56/60 MP: 13/13
  6468 | D:5      | Paralysed by a wasp for 1 turns
  6847 | D:5      | Gained mutation: Scrolls take you a little longer to read. [potion of mutation]
  6847 | D:5      | Gained mutation: You passively map a small area around you. [potion of mutation]
  6848 | D:5      | HP: 2/60 [ogre/giant club (18)]
  7123 | D:4      | Gained mutation: Your muscles are strong. (Str +2) [potion of mutation]
  7123 | D:4      | Gained mutation: You have a beak for a mouth. [potion of mutation]
  7123 | D:4      | Lost mutation: Your muscles are strong. (Str +2) [potion of mutation]
  7420 | D:5      | Found an iron altar of Okawaru.
  8004 | D:5      | Lost mutation: You passively map a small area around you. [potion of cure mutation]
  8004 | D:5      | Lost mutation: Scrolls take you a little longer to read. [potion of cure mutation]
  8004 | D:5      | Lost mutation: You have a beak for a mouth. [potion of cure mutation]
  8353 | D:4      | Reached skill level 6 in Earth Magic
  8981 | D:6      | Found a glowing silver altar of Zin.
  9231 | D:6      | Reached XP level 9. HP: 60/67 MP: 14/14
  9484 | D:6      | Noticed HEYYEYAAE's ghost (amateur HuEE)
  9492 | D:6      | Killed HEYYEYAAE's ghost
  9492 | D:6      | Reached skill level 5 in Fighting
  9693 | D:7      | Found a staircase to the Ecumenical Temple.
  9699 | Temple   | Entered the Ecumenical Temple
  9709 | Temple   | Became a worshipper of Fedhas Madash
  9756 | D:7      | Found a sand-covered staircase.
  9765 | Ossuary  | Entered an ossuary
 10558 | D:7      | Found an opulent altar of Gozag.
 10578 | D:7      | Found Uretakh's Book Shop.
 10603 | D:7      | Reached skill level 1 in Evocations
 10613 | D:7      | Reached skill level 7 in Earth Magic
 10934 | D:7      | Found a white marble altar of Elyvilon.
 11740 | D:8      | Reached XP level 10. HP: 76/76 MP: 16/16
 11872 | D:4      | Bought a shiny troll leather armour for 375 gold pieces
 12443 | D:8      | Noticed a komodo dragon
 12466 | D:8      | Killed a komodo dragon
 12466 | D:8      | Reached skill level 5 in Armour
 12500 | D:8      | Found a staircase to the Lair.
 12506 | D:8      | Noticed a komodo dragon
 12524 | D:8      | Killed a komodo dragon
 12524 | D:8      | Reached skill level 5 in Dodging
 12817 | D:9      | Found a shattered altar of Ashenzari.
 12996 | D:9      | Gained mutation: You are agile. (Dex +2) [mutagenic meat]
 12997 | D:9      | Gained mutation: You are partially covered in thin metallic scales (AC +2). [mutagenic meat]
 12998 | D:9      | Gained mutation: You are frail (-10% HP). [mutagenic meat]
 12999 | D:9      | Lost mutation: You are frail (-10% HP). [mutagenic meat]
 13017 | D:9      | Reached skill level 8 in Earth Magic
 13023 | D:9      | Reached * piety under Fedhas
 13179 | D:9      | Reached skill level 5 in Spellcasting
 13335 | D:10     | Entered Level 10 of the Dungeon
 13402 | D:10     | Noticed a hill giant
 13442 | D:10     | Killed a hill giant
 13442 | D:10     | Reached skill level 5 in Shields
 13517 | D:10     | Reached XP level 11. HP: 84/84 MP: 8/18
 13563 | D:10     | Learned a level 4 spell: Petrify
 13587 | D:10     | Found a shimmering altar of Xom.
 13646 | D:10     | Noticed a hill giant
 13674 | D:10     | Killed a hill giant
 14208 | D:10     | Reached skill level 9 in Earth Magic
 14218 | D:10     | Reached ** piety under Fedhas
 14230 | D:10     | Slain by a killer bee

Vault maps used:
D:1:      scummos_arrival_simple_fountains, serial_glass, glass_columns_c,
          glass_columns_c, glass_columns_c, glass_columns_b, glass_columns_a,
          glass_columns_a, hangedman_glass_teeth, hangedman_decor_opposing,
          grunt_decor_mini_mirrors
D:2:      lemuel_round_altar, grunt_dithmenos_smoke, kennysheep_generic_room_16
D:3:      vehumet_crystals, overflow_temple_1_default
D:4:      lemuel_castle_with_subvaults, nicolae_overflow_crystal_walls,
          serial_shops, shop, minmay_snake_closets
D:5:      first_bread, okawaru_metal_pillars_1_2
D:6:      lemuel_doored_altar
D:7:      elyvilon_altar_4, minmay_temple_entry_hall, basic_altar, serial_shops,
          nicolae_shop_waterfront, nicolae_ossuary_entry_giza
D:8:      erik_lair_dragon
D:9:      cheibrodos_ashenzari_chains
D:10:     david_nohive_1, st_stairs_3, lemuel_statue_altar
Temple:   temple_eino_lava_12
Ossuary:  ossuary_tomb_2

Action                   |  1- 3 |  4- 6 |  7- 9 | 10-12 || total
-------------------------+-------+-------+-------+-------++-------
Melee: Whip              |    66 |    10 |       |       ||    76
       Spear             |    23 |    90 |       |       ||   113
       Dagger            |       |       |   313 |       ||   313
       Trident           |       |       |   188 |   322 ||   510
 Cast: Sandblast         |    38 |   103 |    87 |    12 ||   240
       Stone Arrow       |       |       |    36 |    48 ||    84
Evoke: Wand              |       |       |       |     5 ||     5
  Use: Scroll            |     2 |     3 |     9 |     4 ||    18
       Potion            |       |       |    10 |       ||    10
 Stab: Sleeping          |     4 |     2 |     5 |     5 ||    16
       Confused          |       |       |       |     4 ||     4
  Eat: Chunk             |     2 |    10 |    20 |    15 ||    47
       Royal jelly       |       |       |     1 |     1 ||     2
       Bread ration      |       |       |     1 |       ||     1
       Pizza             |       |       |     1 |       ||     1
